 Dungeon Crawl Stone Soup version 0.19.0-2-gae57169 (webtiles) character file.

44 RobertPalmer the Cudgeler (level 3, 0/25 HPs)
             Began as a Halfling Abyssal Knight on Nov 6, 2016.
             Was a Follower of Lugonu.
             Slain by an adder (2 damage)
             ... on level 2 of the Dungeon.
             The game lasted 00:01:45 (1075 turns).

RobertPalmer the Cudgeler (Halfling Abyssal Knight) Turns: 1075, Time: 00:01:46

Health: 0/25       AC:  3    Str: 13    XL:     3   Next: 87%
Magic:  4/4        EV: 13    Int: 11    God:    Lugonu [*.....]
Gold:   80         SH:  0    Dex: 13    Spells: 0 memorised, 2 levels left

rFire  . . .     SeeInvis .     a - +1 mace
rCold  . . .     Gourm    .     b - +0 leather armour
rNeg   . . .     Faith    .     (shield restricted)
rPois  .         Spirit   .     (no helmet)
rElec  .         Reflect  .     (no cloak)
rCorr  .         Harm     .     (no gloves)
MR     .....                    (no boots)
Stlth  +.........               (no amulet)
                                (no ring)
                                (no ring)

@: lethally poisoned (0 -> -7)
A: mutation resistance 1
a: Depart the Abyss, Renounce Religion


You were on level 2 of the Dungeon.
You worshipped Lugonu.
Lugonu was aware of your devotion.
You were hungry.

You visited 1 branch of the dungeon, and saw 2 of its levels.
You visited the Abyss 1 time.

You collected 80 gold pieces.

Inventory:

Hand Weapons
 a - a +1 mace (weapon)
Armour
 b - a +0 leather armour (worn)
 k - a cursed +0 robe
   (You found it on level 1 of the Dungeon)
Scrolls
 d - a scroll of enchant armour {unknown}
 e - 2 scrolls of fear {unknown}
 i - 2 scrolls of teleportation {unknown}
 j - a scroll of fog {unknown}
 l - 2 scrolls of random uselessness {unknown}
 o - 2 scrolls of identify {unknown}
Potions
 f - a potion of brilliance {unknown}
 g - a potion of cancellation {unknown}
 h - a potion of curing {unknown}
 m - a potion of mutation {unknown}
 n - 2 potions of flight {unknown}
 q - a potion of degeneration {unknown}
Comestibles
 c - a bread ration {@e1}
 p - a beef jerky


   Skills:
 - Level 2.6 Fighting
 + Level 3.5 Maces & Flails
 - Level 2.1 Armour
 - Level 1.1 Dodging
 - Level 2.0 Invocations


You had 2 spell levels left.
You didn't know any spells.

Dungeon Overview and Level Annotations

Branches:
Dungeon (2/15)

Altars:


Innate Abilities, Weirdness & Mutations

You are small and have problems with some larger weapons.
You are somewhat resistant to further mutation.


Message History

You hit the goblin. The goblin hits you but does no damage.
You sock the goblin!
You kill the goblin!
Lugonu accepts your kill.
No target in view!
You see here a club.
You see here a hobgoblin corpse.
You open the door.
There is an open door here.
l - 2 scrolls labeled YNEXUAR SETUWN (gained 1)
There is an open door here.
You see here a hobgoblin corpse.
You see here a club.
i - 2 scrolls labeled DARCHY IBUITISM (gained 1)
A kobold comes into view. It is wielding a whip.
Health restored: 25 A kobold is nearby!
A kobold is nearby!
A kobold is nearby!
The kobold shouts!
The kobold throws a stone.
The stone hits you but does no damage.
You see here a stone.
The kobold misses you.
You hit the kobold but do no damage. The kobold closely misses you.
You barely miss the kobold. The kobold hits you with a whip. x2
You take 7 damage, and have 18/25 hp.
MASSIVE DAMAGE!!
You hit the kobold. The kobold barely misses you.
You closely miss the kobold. The kobold hits you with a whip.
You take 1 damage, and have 17/25 hp.
You barely miss the kobold. The kobold closely misses you.
You hit the kobold.
You kill the kobold!
Lugonu accepts your kill.
Things that are here:
a whip; a kobold corpse You start resting.
A kobold comes into view.
You regained 3 hp, and now have 20/25 hp.
Unknown command.
You closely miss the kobold. The kobold closely misses you.
You barely miss the kobold. The kobold barely misses you.
Unknown command.
You miss the kobold. The kobold closely misses you.
You closely miss the kobold. The kobold hits you. The kobold barely misses you.
You take 3 damage, and have 17/25 hp.
You hit the kobold but do no damage. The kobold hits you.
You take 2 damage, and have 15/25 hp.
You barely miss the kobold. The kobold closely misses you.
You hit the kobold.
You kill the kobold!
Lugonu accepts your kill.
You start resting.
You are feeling hungry.
Unknown command.
Things that are here:
a whip; a kobold corpse You start resting.
An adder comes into view.
You regained 3 hp, and now have 20/25 hp.
Unknown command.
The adder hisses angrily.
The adder bites you.
You are poisoned.
The adder poisons you!
You closely miss the adder.
You feel sick. The adder closely misses you. The adder completely misses you.
You take 1 damage, and have 19/25 hp.
You closely miss the adder. The adder barely misses you.
You hit the adder. The adder barely misses you. The adder bites you.
You are more poisoned.
The adder poisons you!
You take 5 damage, and have 14/25 hp.
You barely miss the adder.
You feel sick. The adder bites you.
You are lethally poisoned!
The adder poisons you!
You take 2 damage, and have 12/25 hp.
You barely miss the adder.
You feel sick. The adder closely misses you. x2
You take 1 damage, and have 11/25 hp.
Unknown command.
You hit the adder.
You feel sick. The adder bites you but does no damage.
You take 1 damage, and have 10/25 hp.
Unknown command.
You hit the adder.
You feel sick. The adder closely misses you.
The adder bites you but does no damage.
You take 1 damage, and have 9/25 hp.
Unknown command.
You hit the adder but do no damage.
You feel sick. The adder misses you.
You take 1 damage, and have 8/25 hp.
Unknown command.
You hit the adder.
* * * LOW HITPOINT WARNING * * *
You feel sick. The adder bites you.
* * * LOW HITPOINT WARNING * * *
The adder bites you.
* * * LOW HITPOINT WARNING * * *
You take 6 damage, and have 2/25 hp.
MASSIVE DAMAGE!!
You miss the adder. The adder misses you. The adder bites you.
You die...

#.#)....#.......#....######
#.#..##.#.#######..........
#.#..##.#.#................
#.#..##.#..................
###.#..##.#.##.###.....######
#......##......##..#.#..#
#..............##.......#
#.....#####S#(###..#.#..#
#.....##....@...........#
#..... #+##.#.###..#.##.#
###+#. ?..#)###.##....# #.
.....#......'....#
#.......#####.##....#
.......# #.##....# .......
#.##....# # .##+##. #.##....#
# #.##....# #


You could see an adder.

Vanquished Creatures
  2 adders (D:2)
  A dart slug (D:2)
  6 goblins
  4 hobgoblins
  3 bats (D:1)
  5 kobolds
  4 rats
25 creatures vanquished.

Notes
Turn   | Place    | Note
-------+----------+-------------------------------------------
     0 | Abyss:1  | RobertPalmer the Halfling Abyssal Knight began the quest for the Orb.
     0 | Abyss:1  | Reached XP level 1. HP: 15/15 MP: 2/2
    42 | Abyss:1  | Noticed a raiju
    46 | D:1      | Escaped the Abyss
   119 | D:1      | Reached skill level 2 in Maces & Flails
   272 | D:1      | Reached XP level 2. HP: 15/20 MP: 3/3
   279 | D:1      | Reached * piety under Lugonu
   646 | D:2      | Reached XP level 3. HP: 24/25 MP: 4/4
   711 | D:2      | Reached skill level 3 in Maces & Flails
  1074 | D:2      | HP: 3/25 [adder (4)]
  1075 | D:2      | Slain by an adder

Skill      XL: |  1  2  3 |
---------------+----------+-----
Maces & Flails | 2 3 |  3.5
Fighting       | |  2.6
Armour         | |  2.1
Dodging        | |  1.1
Invocations    | |  2.0

Action                   || total
-------------------------++-------
Melee: Mace              ||    94
Invok: Depart the Abyss  ||     1
Armor: Leather armour    ||    14
Dodge: Dodged            ||    80

Vault maps used:
D:1:      dpeg_arrival_chase
D:2:      glass_columns_a, minmay_cut_off
Abyss:1:  small_statue_intersection

Table legend:
 A = Turns spent in this place as a percentage of turns spent in the entire game.
 B = Non-inter-level travel turns spent in this place as a percentage of non-inter-level travel turns spent in the entire game.
 C = Inter-level travel turns spent in this place as a percentage of turns spent in this place.
 D = Turns resting spent in this place as a percentage of non-inter-level travel turns spent in this place.
 E = Turns spent auto-exploring this place as a percentage of non-inter-level travel turns spent in this place.
 F = Non-inter-level travel turns spent in this place divided by the number of levels of this place that you've seen.
                   A       B       C       D       E      F
               +-------+-------+-------+-------+-------+----------------------
         Total | 100.0 | 100.0 |   0.2 |   2.4 |   6.8 | 136.3
       Dungeon |  88.5 |  88.5 |   0.3 |   2.8 |   7.7 | 181.0
         Abyss |  11.5 |  11.5 |   0.0 |   0.0 |   0.0 |  47.0
               +-------+-------+-------+-------+-------+----------------------

Table legend:
 A = Kills in this place as a percentage of kills in entire the game.
 B = Kills by you in this place as a percentage of kills by you in the entire game.
 C = Kills by friends in this place as a percentage of kills by friends in the entire game.
 D = Other kills in this place as a percentage of other kills in the entire game.
 E = Experience gained in this place as a percentage of experience gained in the entire game.
 F = Experience gained in this place divided by the number of levels of this place that you have seen.
                   A       B       C       D       E      F
               +-------+-------+-------+-------+-------+----------------------
         Total | 100.0 | 100.0 |  -nan |  -nan | 100.0 |  21.3
       Dungeon | 100.0 | 100.0 |  -nan |  -nan | 100.0 |  32.0
               +-------+-------+-------+-------+-------+----------------------
